 Dungeon Crawl Stone Soup version 0.29.0-10-g45618ea6d2 (webtiles) character file.

Game seed: 15520781456716796415

1192 Zeldest the Insei (level 8, 0/48 HPs)
             Began as an Octopode Transmuter on Sept 2, 2022.
             Splashed by a jelly's acid (4 damage)
             ... on level 6 of the Dungeon.
             The game lasted 00:08:10 (5396 turns).

Zeldest the Insei (Octopode Transmuter)             Turns: 5396, Time: 00:08:11

Health: 0/48       AC: -7    Str: 10    XL:     8   Next: 43%
Magic:  11/11      EV: 13    Int: 17    God:
Gold:   332        SH:  0    Dex: 12    Spells: 4/11 levels left

rFire   + . .      SeeInvis .     - Unarmed
rCold   . . .      Faith    .   (no shield)
rNeg    . . .      Spirit   .   (helmet currently unavailable)
rPois   .          Reflect  .   (no amulet)
rElec   .          Harm     .   i - ring of protection from fire
rCorr   .          Rampage  .   (no ring)
Will    .....                   (no ring)
Stlth   ++........              (no ring)
HPRegen 0.16/turn               (no ring)
MPRegen 0.12/turn               (no ring)
                                (no ring)
                                (no ring)

@: appendages, corroded
A: tentacle spike 3, almost no armour, amphibious, 8 rings, camouflage 1,
gelatinous body 1, (nimble swimmer 1), tentacles
a: End Transformation


You were on level 6 of the Dungeon.
One of your tentacles had grown a beastly spike.
You visited 1 branch of the dungeon, and saw 6 of its levels.

You collected 332 gold pieces.

Inventory:

Jewellery
 i - a ring of protection from fire (left tentacle)
Wands
 t - a wand of acid (12)
 v - a wand of mindburst (2)
Scrolls
 b - 3 scrolls of poison {unknown}
 c - a scroll of teleportation {unknown}
 f - 6 scrolls of butterflies {unknown}
 h - 5 scrolls of identify {unknown}
 j - a scroll of summoning {unknown}
 k - 2 scrolls of immolation {unknown}
 l - 3 scrolls of enchant weapon {unknown}
 q - a scroll of magic mapping {unknown}
 r - a scroll of enchant armour {unknown}
 s - a scroll of torment {unknown}
Potions
 a - a potion of lignification
 d - 2 potions of brilliance {unknown}
 e - 2 potions of haste {unknown}
 g - 3 potions of flight {unknown}
 m - a potion of ambrosia {unknown}
 n - a potion of curing {unknown}
 o - a potion of heal wounds {unknown}
 p - 2 potions of attraction {unknown}
 u - 2 potions of invisibility {unknown}


   Skills:
 - Level 1.0 Fighting
 - Level 2.0 Dodging
 + Level 6.7 Unarmed Combat
 - Level 2.0 Spellcasting
 + Level 6.3 Transmutations
 + Level 4.4 Ice Magic


You had 4 spell levels left.
You knew the following spells:

 Your Spells              Type           Power      Damage    Failure   Level
a - Beastly Appendage     Tmut           46%        N/A       1%          1
b - Wereblood             Tmut           23%        N/A       2%          2
c - Ice Form              Ice/Tmut       20%        N/A       21%         4

Your spell library contained the following spells:

 Spells                   Type           Power      Damage    Failure   Level
 Sting                    Tmut/Pois      48%        1d5       5%          1
 Passwall                 Tmut/Erth      10%        N/A       8%          2
 Ensorcelled Hibernation  Hex/Ice        18%        N/A       12%         2
 Spider Form              Tmut/Pois      12%        N/A       16%         3
 Poisonous Vapours        Pois/Air       2%         N/A       28%         2
 Swiftness                Air            1%         N/A       50%         3
 Olgreb's Toxic Radiance  Pois           1%         N/A       88%         4


Dungeon Overview and Level Annotations

Branches:
Dungeon (6/15)
 Temple: D:4-7

Altars:
Okawaru
Qazlal
Uskayaw
Vehumet

Shops:
D:3 *   D:5 *


Innate Abilities, Weirdness & Mutations

One of your tentacles has grown a beastly spike.
You cannot wear most types of armour.
You are amphibious.
You can wear up to eight rings at the same time.
Your skin changes colour to match your surroundings (Stealth+).
Your rubbery body absorbs attacks. (AC +1, EV +1)
((You are camouflaged when in or above water. (Stealth+)))
You have tentacles for arms and can constrict up to eight enemies at once.


Message History

a +0 hand axe; a +0 leather armour; an orc corpse You start resting.
You howl as the wereblood boils in your veins!
You start resting.
You howl as the wereblood boils in your veins!
You start resting.
You howl as the wereblood boils in your veins!
Magic restored.
Your primal bloodlust has ended.
Your transformation is almost over.
Your tentacle spike disappears.
A jelly comes into view.
Found 6 javelins, a scroll labelled ZYWNYL FIUXAT and 6 stones.
A jelly is nearby!
Casting: Wereblood (safe; 2% risk of failure)
Confirm with . or Enter, or press ? or * to list all spells.
One of your tentacles grows a vicious spike.
An orc wizard and an orc come into view.
You see here 6 stones.
The helpless jelly fails to defend itself.
You tentacle-slap the jelly.
Your tentacles burn!
You squeeze the jelly, but do no damage.
The jelly is heavily wounded.
The jelly hits you. The acid corrodes you!
You are splashed with acid!
You tentacle-slap the jelly but do no damage.
Your tentacles burn!
The jelly is moderately wounded.
The jelly closely misses you.
You tentacle-slap the jelly but do no damage.
Your tentacles burn!
You squeeze the jelly.
The jelly is heavily wounded.
The jelly hits you. The acid corrodes you!
You are splashed with acid.
You tentacle-slap the jelly but do no damage.
Your tentacles burn!
You pierce the jelly.
The jelly is almost dead.
The jelly hits you.
You are splashed with acid!
* * * LOW HITPOINT WARNING * * *
You tentacle-slap the jelly but do no damage.
Your tentacles burn!
You die...

######### #####
#.......# #...
#.#####.#####.#####?#
###....##.............#
#..........####.##.#.(
#.#.#.###.## #.##.#..#
#.#.......# #.......#
#.#.#.##### #.####.##
#.#.#.# #@# ##.....#
#J....o# .....#########
######o# ###..###.....#
###...##.....#
.##..........#
.##...##.....#
.##...##.....#
......########


You could see a jelly, an orc wizard (asleep) and an orc (asleep).

Vanquished Creatures
  Eustachio (D:5)
  An orc warrior (D:6)
  2 black bears (D:4)
  A phantom (D:4)
  A necrophage (D:5)
  A scorpion (D:5)
  2 howler monkeys (D:5)
  An orc priest (D:6)
  2 hounds (D:5)
  3 iguanas (D:5)
  An orc wizard (D:3)
  Natasha (thrice) (D:2)
  10 adders
  7 gnolls
  A white imp (D:3)
  3 worms
  3 dart slugs
  19 orcs
  4 ball pythons
  6 bats
  4 endoplasms
  A giant cockroach (D:2)
  6 goblins
  8 hobgoblins
  4 jackals
  A quokka (D:4)
  2 frilled lizards
  2 kobolds
  2 rats
  A spectral goblin (D:2)
103 creatures vanquished.

Notes
Turn   | Place    | Note
-------+----------+-------------------------------------------
     0 | D:1      | Zeldest the Octopode Transmuter began the quest for the
                  | Orb.
     0 | D:1      | Reached XP level 1. HP: 13/13 MP: 3/3
    87 | D:1      | Reached XP level 2. HP: 17/18 MP: 5/5
   764 | D:2      | Learned a level 2 spell: Wereblood
   824 | D:2      | Found a faded altar of an unknown god.
   828 | D:2      | Noticed Natasha
   832 | D:2      | Noticed a crimson imp
   849 | D:2      | Killed Natasha
   850 | D:2      | Reached XP level 3. HP: 15/23 MP: 0/6
  1079 | D:2      | Reached XP level 4. HP: 28/28 MP: 1/7
  1304 | D:2      | You fall into a shaft and drop 2 floors!
  1344 | D:4      | Reached XP level 5. HP: 31/33 MP: 5/8
  1426 | D:4      | Noticed a black bear
  1491 | D:2      | Noticed Natasha
  1496 | D:2      | Killed Natasha
  1908 | D:2      | Noticed Natasha
  1926 | D:2      | Killed Natasha
  2448 | D:3      | Found a hide-covered altar of Uskayaw.
  2520 | D:3      | Reached skill level 5 in Unarmed Combat
  2520 | D:3      | Reached XP level 6. HP: 38/38 MP: 7/9
  2574 | D:3      | Found Detreb's Assorted Antiques.
  3025 | D:3      | Reached skill level 1 in Ice Magic
  3372 | D:4      | Killed a black bear
  3468 | D:4      | Reached skill level 5 in Transmutations
  3468 | D:4      | Reached XP level 7. HP: 20/43 MP: 10/10
  3699 | D:4      | Learned a level 4 spell: Ice Form
  3979 | D:5      | Entered Level 5 of the Dungeon
  4050 | D:5      | Noticed Eustachio
  4058 | D:5      | Killed Eustachio
  4059 | D:5      | Reached XP level 8. HP: 25/48 MP: 9/11
  4549 | D:5      | Found a radiant altar of Vehumet.
  4614 | D:5      | Found an iron altar of Okawaru.
  4973 | D:5      | Found Ahitos's General Store.
  5053 | D:5      | Found a stormy altar of Qazlal.
  5396 | D:6      | Splashed by a jelly's acid

Illustrated notes

Levels and vault maps discovered:
D:1:      dpeg_arrival_brainrot, layout_loops_ring
D:2:      layout_basic, dreamdust_ecumenical_altar_drowned_temple, uniq_natasha
D:3:      layout_basic, mainiacjoe_overflow_six_doors_small, serial_shops,
          nicolae_shop_hallway_stairs
D:4:      black_bear_nest_1, layout_cave_pools, minmay_diced_spiral
D:5:      layout_cave_pods, mainiacjoe_overflow_large_starburst,
          mainiacjoe_overflow_concentric_impassable, serial_shops,
          kennysheep_mini, minmay_holes, minmay_misc_feat_alley,
          grunt_ministairs_2, minmay_checkerbox, uniq_eustachio
D:6:      layout_loops_cross, serial_shops, nicolae_shop_advertising_works
          [nicolae_subvault_shop_adworks], shop

Skill      XL: |  1  2  3  4  5  6  7  8 |
---------------+-------------------------+-----
Transmutations | 3 4 5 6 |  6.3
Unarmed Combat | 4 5 6 |  6.7
Ice Magic      | 2 3 4 |  4.4
Fighting       | |  1.0
Dodging        | |  2.0
Spellcasting   | |  2.0

Action                   |  1- 3 |  4- 6 |  7- 9 || total
-------------------------+-------+-------+-------++-------
Melee: Unarmed           |    39 |   115 |    86 ||   240
       Constrict         |    11 |    30 |    22 ||    63
       Tentacles         |     8 |    23 |    17 ||    48
       Kick              |     9 |    24 |    26 ||    59
       Punch             |     2 |     4 |     5 ||    11
 Cast: Beastly Appendage |     8 |    15 |    14 ||    37
       Wereblood         |     3 |     5 |     8 ||    16
Evoke: Wand              |       |       |     2 ||     2
  Use: Potion            |       |     1 |     1 ||     2
 Stab: Sleeping          |     2 |     7 |     3 ||    12
Armor: Skin              |     9 |     9 |    12 ||    30
Dodge: Dodged            |    28 |    65 |    42 ||   135
